 Dungeon Crawl Stone Soup version 0.28-a0-1594-ga885d4b3d6 (webtiles) character file.

Game seed: 7272642676123914178

63 Hasart the Insei (level 4, -4/29 HPs)
             Began as an Octopode Transmuter on Jan 20, 2022.
             Slain by Grinder (10 damage)
             ... on level 2 of the Dungeon.
             The game lasted 00:02:30 (1721 turns).

Hasart the Insei (Octopode Transmuter)              Turns: 1721, Time: 00:02:30

Health: -4/29      AC:  1    Str:  9    XL:     4   Next: 9%
Magic:  5/7        EV: 13    Int: 17    God:
Gold:   84         SH:  0    Dex: 12    Spells: 1/7 levels left

rFire   . . .      SeeInvis .     - Unarmed
rCold   . . .      Faith    .   (no shield)
rNeg    . . .      Spirit   .   (helmet restricted)
rPois   .          Reflect  .   (no amulet)
rElec   .          Harm     .   (no ring)
rCorr   .          Rampage  .   (no ring)
Will    .....                   (no ring)
Stlth   ++........              (no ring)
HPRegen 0.09/turn               (no ring)
MPRegen 0.10/turn               (no ring)
                                (no ring)
                                (no ring)

@: no status effects
A: almost no armour, amphibious, 8 rings, camouflage 1, gelatinous body 1,
(nimble swimmer 1), tentacles
a: no special abilities


You were on level 2 of the Dungeon.
You visited 1 branch of the dungeon, and saw 3 of its levels.

You collected 84 gold pieces.

Inventory:

Scrolls
 b - a scroll of magic mapping {unknown}
 c - a scroll of identify {unknown}
 d - a scroll of acquirement {unknown}
 e - a scroll of immolation {unknown}
 g - a scroll of holy word {unknown}
 h - a scroll of vulnerability {unknown}
 i - a scroll of enchant armour {unknown}
 j - a scroll of amnesia {unknown}
 l - a scroll of fear {unknown}
Potions
 a - a potion of degeneration {unknown}
 f - a potion of haste {unknown}
 k - a potion of brilliance {unknown}


   Skills:
 + Level 1.7 Fighting
 + Level 2.5 Dodging
 * Level 3.6 Unarmed Combat
 + Level 2.3 Spellcasting
 + Level 2.5 Transmutations
 + Level 0.3 Poison Magic


You had one spell level left.
You knew the following spells:

 Your Spells              Type           Power      Damage    Failure   Level
a - Beastly Appendage     Tmut           20%        N/A       7%          1
b - Wereblood             Tmut           10%        N/A       10%         2
c - Spider Form           Tmut/Pois      6%         N/A       30%         3

Your spell library contained the following spells:

 Spells                   Type           Power      Damage    Failure   Level
 Sting                    Tmut/Pois      24%        1d4       11%         1
 Slow                     Hex            4%         N/A       19%         1
 Poisonous Vapours        Pois/Air       4%         N/A       26%         2
 Ice Form                 Ice/Tmut       6%         N/A       73%         4
 Olgreb's Toxic Radiance  Pois           3%         N/A       86%         4


Dungeon Overview and Level Annotations

Branches:
Dungeon (3/15)

Altars:

Annotations:
D:2 Grinder
D:3 Sigmund


Innate Abilities, Weirdness & Mutations

You cannot wear most types of armour.
You are amphibious.
You can wear up to eight rings at the same time.
Your skin changes colour to match your surroundings (Stealth+).
Your rubbery body absorbs attacks. (AC +1, EV +1)
((You are camouflaged when in or above water. (Stealth+)))
You have tentacles for arms and can constrict up to eight enemies at once.


Message History

You climb downwards.
Level annotation: Grinder, Sigmund The rat barely misses you.
There is a stone staircase leading up here.
Unknown command.
You bite the rat!
You kill the rat!
Your transformation is almost over.
Unknown command.
Grinder says, "Mostly I couldn't keep them alive."
Grinder gestures at you. Pain shoots through your body!
Sigmund casts a spell at you. The magic dart hits you.
You climb upwards.
There is a stone staircase leading down, spattered with blood here.
You hit Grinder.
Grinder is lightly wounded.
Grinder hits you.
You hit Grinder.
Grinder is lightly wounded.
Grinder closely misses you.
You barely miss Grinder.
Grinder is lightly wounded.
Grinder closely misses you.
You barely miss Grinder.
Grinder is lightly wounded.
Grinder gestures at you.
You suddenly lose the ability to move!
Grinder hits you.
Your transformation has ended.
Grinder gestures at you. Pain shoots through your body!
* * * LOW HITPOINT WARNING * * *
You can move again.
You tentacle-slap Grinder but do no damage.
You grab Grinder. You squeeze Grinder.
Grinder is lightly wounded.
You constrict Grinder. Grinder hits you!
You die...

#..#####.# ############# #.##
#.###.....#.....## #.#
#.##.............## #.#
#.#...............# #.#
##.#[..............# #.#
#..#...............# #####.##
##.##...............#
.......###..##...............#
####............@............#
#.##.........5...........##
##.................#.....##
##....###.#################
##....####.# #....####..###
.....#....)..# ##...#.......#
##...........######


You could see Grinder.

Vanquished Creatures
  An adder (D:2)
  2 dart slugs (D:2)
  A worm (D:2)
  7 bats
  2 endoplasms
  2 giant cockroaches (D:1)
  5 goblins
  3 hobgoblins
  2 jackals (D:2)
  5 kobolds
  9 ball pythons
  A frilled lizard (D:3)
  5 rats
45 creatures vanquished.

Notes
Turn   | Place    | Note
-------+----------+-------------------------------------------
     0 | D:1      | Hasart the Octopode Transmuter began the quest for the Orb.
     0 | D:1      | Reached XP level 1. HP: 13/13 MP: 3/3
   203 | D:1      | Reached XP level 2. HP: 16/18 MP: 5/5
   248 | D:1      | Learned a level 2 spell: Wereblood
   493 | D:1      | Found a faded altar of an unknown god.
   501 | D:1      | Got Plato's Incunabulum of Hexes
   543 | D:1      | You fall into a shaft and drop 1 floor!
   552 | D:2      | Reached XP level 3. HP: 15/23 MP: 6/6
  1181 | D:2      | Learned a level 3 spell: Spider Form
  1531 | D:3      | Noticed Sigmund
  1536 | D:3      | Noticed Grinder
  1544 | D:2      | Reached XP level 4. HP: 14/29 MP: 7/7
  1718 | D:2      | Paralysed by Grinder for 3 turns
  1721 | D:2      | Slain by Grinder

Illustrated notes

Levels and vault maps discovered:
D:1:      minmay_arrival_five_plusses, layout_loops_ring,
          shapermc_ecumenical_altar_rom_forum, minmay_pentomino_x2
D:2:      layout_rooms, wad_floor_pattern_untrapped, minmay_small_reverse_x
D:3:      kennysheep_goblin_castle, layout_rooms, vehumet_altar_wand_db,
          uniq_sigmund, uniq_robin, uniq_grinder, uniq_terence, uniq_ijyb

Action                   |  1- 3 |  4- 6 || total
-------------------------+-------+-------++-------
Melee: Unarmed           |    93 |     8 ||   101
       Constrict         |    28 |     2 ||    30
       Tentacles         |    17 |     2 ||    19
       Punch             |     5 |       ||     5
 Cast: Spider Form       |       |     1 ||     1
 Stab: Sleeping          |     4 |       ||     4
Armor: Skin              |    10 |       ||    10
Dodge: Dodged            |    70 |     4 ||    74

Table legend: (Time is in decaauts)
 A = Elapsed time spent in this place.
 B = Non-inter-level travel time spent in this place.
 C = Inter-level travel time spent in this place.
 D = Time resting spent in this place.
 E = Time spent auto-exploring this place.
 F = Levels seen in this place.
 G = Mean time per level.
                   A        B        C        D        E       F      G
               +--------+--------+--------+--------+--------+-----+--------+
         Total |   1716 |   1695 |     21 |    445 |    967 |   3 |  572.0 |
       Dungeon |   1716 |   1695 |     21 |    445 |    967 |   3 |  572.0 |
               +--------+--------+--------+--------+--------+-----+--------+

Top non-repeatable levels by time:
     D:2: 880 daAuts
     D:1: 825 daAuts
     D:3: 11 daAuts
